 Dungeon Crawl Stone Soup version 0.30.0-13-g156ef70053 (webtiles) character file.

Game seed: 8619524495150489887

9 browni3141 the Firebug (level 2, 19/19 HPs)
             Began as a Demonspawn Fire Elementalist on May 17, 2023.
             Got out of the dungeon alive.
             The game lasted 00:00:16 (406 turns).

browni3141 the Firebug (DsFE)                        Turns: 406, Time: 00:00:17

Health: 19/19      AC:  2    Str:  8    XL:     2   Next: 3%
Magic:  2/5        EV: 12    Int: 16    God:
Gold:   7          SH:  0    Dex: 13    Spells: 4/5 levels left

rFire   . . .        (no weapon)
rCold   . . .        (no shield)
rNeg    . . .        a - +0 robe
rPois   .            (helmet restricted)
rElec   .            (no cloak)
rCorr   .            (no gloves)
SInv    .            (no boots)
Will    .....        (no amulet)
Stlth   ++           (no ring)
HPRegen 0.23/turn    (no ring)
MPRegen 0.09/turn

%: no passive effects
@: no status effects
A: antennae 1
a: no special abilities


You escaped.
You visited 1 branch of the dungeon, and saw 1 of its levels.

You collected 7 gold pieces.

Inventory:

Armour
 a - a +0 robe (worn)
Jewellery
 q - a ring of protection from fire
Scrolls
 n - a scroll of magic mapping {unknown}
 o - a scroll of enchant armour {unknown}
 p - a scroll of noise {unknown}
Potions
 m - a potion of magic


   Skills:
 + Level 1.9 Dodging
 + Level 2.0 Stealth
 + Level 2.1 Spellcasting
 + Level 1.2 Conjurations
 + Level 2.8 Fire Magic


You had 4 spell levels left.
You knew the following spells:

 Your Spells              Type           Power      Damage    Failure   Level
z - Foxfire               Conj/Fire      32%        2x1d5     9%          1

Your spell library contained the following spells:

 Spells                   Type           Power      Damage    Failure   Level
 Scorch                   Fire           20%        2d6       10%         2
 Slow                     Hex            4%         N/A       21%         1
 Inner Flame              Hex/Fire       6%         N/A       34%         3
 Volatile Blastmotes      Fire/Tloc      12%        2d11      34%         3
 Confusing Touch          Hex            1%         N/A       52%         3
 Vampiric Draining        Necr           1%         2d6       52%         3
 Flame Wave               Conj/Fire      8%         2d5       65%         4


Dungeon Overview and Level Annotations

Branches:
Dungeon (1/15)

Altars:


Innate Abilities, Weirdness & Mutations

You have a pair of small antennae on your head.


Message History

A ball python is nearby!
A ball python is nearby!
A ball python is nearby!
You conjure some foxfire!
The ball python hisses angrily.
You conjure some foxfire!
Your foxfire dissipates!
The foxfire hits the ball python.
You kill the ball python!
Your foxfire dissipates!
Your foxfire dissipates!
A hobgoblin comes into view.
A hobgoblin is nearby!
A hobgoblin is nearby!
A hobgoblin is nearby!
You conjure some foxfire!
The hobgoblin shouts!
You conjure some foxfire!
You conjure some foxfire!
The foxfire hits the hobgoblin.
The hobgoblin is severely wounded.
The foxfire hits the hobgoblin.
You kill the hobgoblin!
Your foxfire dissipates!
Your foxfire dissipates! x2
Your foxfire dissipates!
An endoplasm comes into view.
An endoplasm is nearby!
An endoplasm is nearby!
An endoplasm is nearby!
You conjure some foxfire!
The endoplasm quivers.
You conjure some foxfire!
The foxfire hits the endoplasm.
The endoplasm is almost dead.
The foxfire hits the endoplasm.
You kill the endoplasm!
Your foxfire dissipates! x2
p - a scroll labelled ORAPPA UXUFYR A frilled lizard comes into view.
A frilled lizard is nearby!
A frilled lizard is nearby!
The frilled lizard hisses angrily.
You conjure some foxfire!
You miscast Foxfire.
You are very lightly contaminated with residual magic.
Nothing appears to happen.
The foxfire hits the frilled lizard.
You kill the frilled lizard!
You conjure some foxfire!
Your foxfire dissipates!
Your foxfire dissipates!
Your foxfire dissipates!
Your magical contamination has completely faded away.
Key pressed, stopping explore.
A bat comes into view.
A bat is nearby!
A bat is nearby!
A bat is nearby!
You miscast Foxfire.
You are very lightly contaminated with residual magic.
Nothing appears to happen.
You conjure some foxfire!
You conjure some foxfire!
The foxfire hits the bat.
You kill the bat!
Your foxfire dissipates!
Your foxfire dissipates! x2
Your magical contamination has completely faded away.
You now have 7 gold pieces.
q - a ring of protection from fire An endoplasm comes into view.
An endoplasm is nearby!
An endoplasm is nearby!
You conjure some foxfire!
The endoplasm quivers.
You conjure some foxfire!
The foxfire hits the endoplasm but does no damage.
The foxfire hits the endoplasm.
You kill the endoplasm!
Your foxfire dissipates!
A quokka comes into view.
A quokka is nearby!
A quokka is nearby!
A quokka is nearby!
You conjure some foxfire!
You conjure some foxfire!
The foxfire hits the quokka.
The quokka is lightly wounded.
The foxfire hits the quokka.
The quokka is almost dead.
You conjure some foxfire!
The foxfire hits the quokka but does no damage.
The quokka is almost dead.
The foxfire hits the quokka.
You kill the quokka!
Your Stealth skill increases to level 2!
You have reached level 2!
Your demonic ancestry asserts itself...
A pair of antennae grows on your head!
Your foxfire dissipates!
There is an open door here.
There is a staircase leading out of the dungeon here.
Are you sure you want to leave the Dungeon?
This will make you lose the game!
You have escaped!

#.######.........(#### #.#
#.##.................###.#
#.##...........###.....#.########
#.##.........#######.#...........
#.#...######.......#.###.###.....
#.#.#.## #..####...............
.......# #.###.###......###....
.####..## #.###.####.##.........
.## ...# #.+..@..+..##.#..#.)..
..####..########.#######.##......
.........#.............#....#....
....###..####.#####.####.####....
......#....##.#####.##....##.....
...........#.........#.......##..
......#...######.######......##..
......##..+...........'..........
.....###..######.######.....#....


There were no monsters in sight!

Vanquished Creatures
  2 bats (D:1)
  2 endoplasms (D:1)
  A hobgoblin (D:1)
  A quokka (D:1)
  A ball python (D:1)
  A frilled lizard (D:1)
8 creatures vanquished.

Vanquished Creatures (others)
  32 foxfires (D:1)
32 creatures vanquished.

Grand Total: 40 creatures vanquished

Notes
Turn   | Place    | Note
-------+----------+-------------------------------------------
     0 | D:1      | browni3141 the Demonspawn Fire Elementalist began the quest
                  | for the Orb.
     0 | D:1      | Reached XP level 1. HP: 13/13 MP: 3/3
   382 | D:1      | Gained mutation: You have a pair of small antennae on your
                  | head. [demonic ancestry]
   382 | D:1      | Reached XP level 2. HP: 19/19 MP: 0/5
   406 | D:$      | Got out of the dungeon alive.

Illustrated notes

Levels and vault maps discovered:
D:1:      shiori_shiawase, layout_rooms

Skill      XL: |  1 |
---------------+----+-----
Stealth        | 2 |  2.0
Dodging        | |  1.9
Spellcasting   | |  2.1
Conjurations   | |  1.2
Fire Magic     | |  2.8

Action                     || total
---------------------------++-------
   Cast: Foxfire           ||    18
